 Dungeon Sprint DCSS version 0.29-a0-512-gf59ac788ac (webtiles) character file.

Game seed: 627191493097707533

38287 mhtbhm the Wrestler (level 13, -2/127 HPs)
             Began as a Troll Transmuter on May 29, 2022.
             Was an Initiate of Gozag.
             Asphyxiated
             ... in the Dungeon (Sprint IX: "|||||||||||||||||||||||||||||").
             The game lasted 00:12:20 (3919 turns).

mhtbhm the Wrestler (Troll Transmuter)              Turns: 3919, Time: 00:12:22

Health: -2/127     AC:  7    Str: 21    XL:     13   Next: 63%
Magic:  26/26      EV: 12    Int: 16    God:    Gozag
Gold:   3610       SH:  0    Dex: 10    Spells: 11/32 levels left

rFire   . . .      SeeInvis .     - Unarmed
rCold   . . .      Faith    .   (no shield)
rNeg    + . .      Spirit   .   a - +2 robe {rN+}
rPois   .          Reflect  .   (helmet restricted)
rElec   .          Harm     .   l - +0 cloak
rCorr   .          Rampage  .   (gloves unavailable)
Will    .....      NoTele   +   (boots unavailable)
Stlth   +++.......              (no amulet)
HPRegen 1.11/turn               m - +2 ring of evasion
MPRegen 0.20/turn               n - +3 ring of intelligence

@: lethally poisoned (-2 -> -8), untranslocatable, wereblooded (expiring), gold
aura, slowed, constricted, studying 2 skills, very slow
A: large, unfitting armour, claws 3, regeneration 1, shaggy fur 1, tough skin 1
a: Renounce Religion, Potion Petition, Call Merchant, Bribe Branch


You were in the Dungeon.
You worshipped Gozag.
Gozag was most pleased with you.
You visited 1 branch You collected 12219 gold pieces.
You spent 4308 gold pieces at shops.
You paid 4301 gold pieces to Gozag.

Inventory:

Missiles
 u - 4 throwing nets (quivered)
 v - 7 boomerangs
Armour
 a - a +2 robe of positive energy (worn)
 l - a +0 cloak (worn)
Jewellery
 m - a +2 ring of evasion (left claw)
 n - a +3 ring of intelligence (right claw)
 B - a ring of protection from fire
 C - a ring of willpower
 D - a ring of protection from cold
 E - a ring of protection from fire
Scrolls
 h - 2 scrolls of blinking
 j - 2 scrolls of amnesia
 q - 2 scrolls of identify
 r - a scroll of fear
 s - 4 scrolls of enchant armour
 y - a scroll of poison
 F - 4 scrolls of enchant weapon
Potions
 b - a potion of lignification
 c - 7 potions of curing
 d - a potion of invisibility
 e - 2 potions of haste
 f - 4 potions of magic
 g - 3 potions of mutation
 i - 3 potions of heal wounds
 o - 3 potions of brilliance
 p - a potion of resistance
 t - a potion of ambrosia
 z - 2 potions of attraction
 A - a potion of cancellation


   Skills:
 + Level 7.7 Fighting
 + Level 10.6 Dodging
 + Level 5.0 Stealth
 + Level 25.1 Unarmed Combat
 + Level 10.0 Spellcasting
 + Level 11.6 Transmutations
 + Level 5.3 Ice Magic
 + Level 1.7 Earth Magic
 + Level 3.6 Evocations


You had 11 spell levels left.
You knew the following spells:

 Your Spells              Type           Power      Damage    Failure   Level
a - Beastly Appendage     Tmut           90%        N/A       1%          1
b - Wereblood             Tmut           45%        N/A       1%          2
c - Spider Form           Tmut/Pois      26%        N/A       2%          3
d - Ice Form              Ice/Tmut       35%        N/A       2%          4
e - Blade Hands           Tmut           22%        N/A       2%          5
f - Statue Form           Tmut/Erth      19%        N/A       65%         6

Your spell library contained the following spells:

 Spells                   Type           Power      Damage    Failure   Level
 Sandblast                Erth           26%        2d8       4%          1
 Summon Small Mammal      Summ           32%        N/A       9%          1
 Animate Armour           Summ/Erth      20%        N/A       54%         4
 Borgnjor's Vile Clutch   Necr/Erth      5%         N/A       87%         5
 Iron Shot                Conj/Erth      5%         9d2       100%        6
 Summon Hydra             Summ           4%         N/A       100%        7


Dungeon Overview and Level Annotations

Branches:
Dungeon (1/1)

Altars:
Cheibriados
Dithmenos
Elyvilon
Fedhas
Gozag
Hepliaklqana
Kikubaaqudgha
Makhleb
Nemelex Xobeh
Okawaru
Qazlal
Ru
Sif Muna
Trog
Uskayaw
Vehumet
Wu Jian
Xom
Yredelemnul
Zin
The Shining One
Beogh
Jiyva
Lugonu

Shops:
D **:=:!:=


Innate Abilities, Weirdness & Mutations

You are too large for most types of armour.
You have claws for hands.
Your natural rate of healing is unusually fast.
You are covered in fur. (AC +1)
You have tough skin. (AC +1)


Message History

[a] - 728 gold - haste, resistance and invisibility [b] - 480 gold - heal wounds, curing and magic [c] - 340 gold - lignification, might and resistance Purchase which effect?
You feel much better.
You feel better. Magic courses through your body.
The nagaraja hits you but does no damage.
The nagaraja constricts you. The nagaraja spits poison at you.
The splash of poison hits you!
You are poisoned.
You have difficulty breathing.
You feel as though you will be slow longer.
* * * LOW HITPOINT WARNING * * *
The nagaraja constricts you.
* * * LOW HITPOINT WARNING * * *
Unknown command.
You eviscerate the nagaraja!!! Your claw misses the nagaraja.
The nagaraja is severely wounded.
You feel very sick. The nagaraja hits you with a +0 spear!
* * * LOW HITPOINT WARNING * * *
The nagaraja constricts you.
* * * LOW HITPOINT WARNING * * *
You closely miss the nagaraja.
You claw the nagaraja, but do no damage.
The nagaraja is severely wounded.
You feel sick. The nagaraja spits poison at you.
The splash of poison misses you. The nagaraja constricts you.
* * * LOW HITPOINT WARNING * * *
You cannot blink because you are locked down by a dimension anchor.
The nagaraja's grasp on you weakens, but your attempt to escape fails.
You feel very sick.
The naga mage is no longer distracted by gold.
The nagaraja spits poison at you. The splash of poison hits you.
You are lethally poisoned!
You have difficulty breathing.
You die...
Your body crumbles into a pile of gold.

▓▓▓▓▓▓▓▓▓▓▓▓▓▓▓▓▓▓▓▓▓▓▓♣♣♣♣♣♣♣♣♣♣
.....).......'($@NN....'[[.......
▓▓▓▓▓▓▓▓▓▓▓▓▓▓▓▓▓▓▓▓▓▓▓♣♣♣♣♣♣♣♣♣♣
.....)...........................
▓▓▓▓▓▓▓▓▓▓▓▓▓▓▓▓▓▓▓▓▓▓▓▓▓▓▓▓▓▓▓▓▓
.......'.....)))))))).[[[[[[[[...
▓▓▓▓▓▓▓▓▓▓▓▓▓▓▓▓▓▓▓▓▓▓▓▓▓▓▓▓▓▓▓▓▓
.................[...............
▓▓▓▓▓▓▓▓▓▓▓▓▓▓▓▓▓▓▓▓▓▓▓▓▓▓▓▓▓▓▓▓▓
...........))))))).))....'))).)))


You could see a nagaraja (fast, curare, catching breath) and a naga mage (fast).

Vanquished Creatures
  A fenstrider witch (D)
  A very ugly thing (D)
  A stone giant (D)
  2 spark wasps (D)
  A fire dragon (D)
  Harold (D)
  2 merfolk javelineers (D)
  A rakshasa (D)
  3 hydras (D)
  2 boulder beetles (D)
  A ghost crab (D)
  Erica (D)
  A naga warrior (D)
  A satyr (D)
  A catoblepas (D)
  4 death yaks (D)
  2 orc high priests (D)
  A deep troll earth mage (D)
  A vampire mage (D)
  A spriggan berserker (D)
  A goliath frog (D)
  A pharaoh ant (D)
  A sea snake (D)
  A skeletal warrior (D)
  2 swamp dragons (D)
  A deep elf pyromancer (D)
  A wolf spider (D)
  5 orc knights (D)
  A harpy (D)
  A will-o-the-wisp (D)
  3 ugly things (D)
  3 orc sorcerers (D)
  A manticore (D)
  A salamander (D)
  A cyclops (D)
  A water nymph (D)
  4 torpor snails (D)
  A black mamba (D)
  2 naga magi (D)
  3 cane toads (D)
  An unseen horror (shapeshifter) (D)
  2 komodo dragons (D)
  An unseen horror (D)
  A kobold demonologist (D)
  A rime drake (D)
  An efreet (D)
  A troll (D)
  A merfolk (D)
  A tarantella (D)
  A blink frog (D)
  A jumping spider (D)
  A wraith (D)
  5 yaks (D)
  A wyvern (D)
  A basilisk (D)
  A vampire mosquito (D)
  A naga (D)
  4 water moccasins (D)
  11 orc warriors (D)
  A centaur (D)
  A bullfrog (D)
  A scorpion (D)
  A killer bee (D)
  An orc priest (D)
  An iguana (D)
  4 orc wizards (D)
  An adder (D)
  A shadow imp (D)
  A dart slug (D)
  16 orcs (D)
  An endoplasm (D)
  A goblin (D)
  2 frilled lizards (D)
134 creatures vanquished.

Vanquished Creatures (others)
  A fenstrider witch (D)
1 creature vanquished.

Grand Total: 135 creatures vanquished

Notes
Turn   | Place    | Note
-------+----------+-------------------------------------------
     0 | D        | mhtbhm the Troll Transmuter began the quest for the Orb.
     0 | D        | Reached XP level 1. HP: 18/18 MP: 1/1
    14 | D        | Reached skill level 4 in Unarmed Combat
    35 | D        | Noticed an iguana
    35 | D        | Noticed a scorpion
    38 | D        | Reached XP level 2. HP: 19/26 MP: 1/3
    43 | D        | Reached skill level 5 in Unarmed Combat
    43 | D        | Reached XP level 3. HP: 3/32 MP: 0/5
    46 | D        | Reached skill level 1 in Fighting
    47 | D        | Killed a scorpion
    48 | D        | Reached skill level 7 in Unarmed Combat
    48 | D        | Reached XP level 4. HP: 35/41 MP: 1/7
    96 | D        | Found a snail-covered altar of Cheibriados.
    96 | D        | Found a shadowy altar of Dithmenos.
    96 | D        | Found a white marble altar of Elyvilon.
    96 | D        | Found a blossoming altar of Fedhas.
    96 | D        | Found an opulent altar of Gozag.
    97 | D        | Found a hazy altar of Hepliaklqana.
    98 | D        | Found a viscous altar of Jiyva.
    99 | D        | Found an ancient bone altar of Kikubaaqudgha.
   100 | D        | Found a corrupted altar of Lugonu.
   101 | D        | Found a burning altar of Makhleb.
   102 | D        | Found a sparkling altar of Nemelex Xobeh.
   103 | D        | Found an iron altar of Okawaru.
   104 | D        | Became a worshipper of Gozag Ym Sagoz the Greedy
   105 | D        | Found a stormy altar of Qazlal.
   106 | D        | Found a sacrificial altar of Ru.
   107 | D        | Found a shimmering blue altar of Sif Muna.
   108 | D        | Found a bloodstained altar of Trog.
   109 | D        | Found a hide-covered altar of Uskayaw.
   110 | D        | Found a radiant altar of Vehumet.
   111 | D        | Found an ornate altar of the Wu Jian Council.
   112 | D        | Found a shimmering altar of Xom.
   113 | D        | Found a basalt altar of Yredelemnul.
   114 | D        | Found a glowing silver altar of Zin.
   115 | D        | Found a glowing golden altar of the Shining One.
   150 | D        | Learned a level 2 spell: Wereblood
   154 | D        | Learned a level 3 spell: Spider Form
   156 | D        | Noticed a kobold demonologist
   156 | D        | Noticed a yak
   156 | D        | Noticed a centaur
   156 | D        | Noticed an orc warrior
   156 | D        | Noticed a wraith
   159 | D        | Noticed a hellwing
   161 | D        | Killed a kobold demonologist
   162 | D        | Reached skill level 10 in Unarmed Combat
   162 | D        | Reached XP level 5. HP: 41/48 MP: 4/9
   162 | D        | Reached XP level 6. HP: 47/55 MP: 4/10
   168 | D        | Killed a yak
   169 | D        | Reached skill level 5 in Dodging
   169 | D        | Reached XP level 7. HP: 59/63 MP: 5/12
   173 | D        | Reached skill level 11 in Unarmed Combat
   177 | D        | Reached skill level 5 in Transmutations
   182 | D        | Killed a wraith
   183 | D        | Reached skill level 12 in Unarmed Combat
   238 | D        | Learned a level 4 spell: Ice Form
   335 | D        | Noticed a red ugly thing
   335 | D        | Noticed a five-headed hydra
   335 | D        | Noticed a troll
   335 | D        | Noticed a deep elf pyromancer
   335 | D        | Noticed a vampire mosquito
   339 | D        | Killed a red ugly thing
   340 | D        | Reached skill level 13 in Unarmed Combat
   340 | D        | Reached XP level 8. HP: 74/74 MP: 6/14
   343 | D        | Killed a five-headed hydra
   344 | D        | Reached skill level 14 in Unarmed Combat
   344 | D        | Reached skill level 5 in Spellcasting
   344 | D        | Reached skill level 1 in Ice Magic
   345 | D        | Killed a deep elf pyromancer
   346 | D        | Reached XP level 9. HP: 65/81 MP: 7/16
   347 | D        | Killed an unseen horror
   348 | D        | Reached skill level 15 in Unarmed Combat
   350 | D        | Killed a troll
   515 | D        | Noticed a cane toad
   515 | D        | Noticed a komodo dragon
   515 | D        | Noticed a cane toad
   517 | D        | Killed a cane toad
   519 | D        | Killed a komodo dragon
   523 | D        | Noticed a torpor snail
   526 | D        | Reached skill level 16 in Unarmed Combat
   528 | D        | Killed a cane toad
   529 | D        | Reached XP level 10. HP: 79/91 MP: 13/18
   529 | D        | Noticed a black mamba
   537 | D        | Killed a torpor snail
   543 | D        | Killed a black mamba
   682 | D        | Noticed a torpor snail
   682 | D        | Noticed a cane toad
   686 | D        | Killed a torpor snail
   687 | D        | Reached skill level 17 in Unarmed Combat
   695 | D        | Killed a cane toad
   755 | D        | Noticed a catoblepas
   755 | D        | Noticed a death yak
   755 | D        | Noticed a death yak
   755 | D        | Noticed a death yak
   755 | D        | Noticed a death yak
   771 | D        | Killed a catoblepas
   772 | D        | Reached skill level 18 in Unarmed Combat
  1041 | D        | Killed a death yak
  1042 | D        | Reached skill level 1 in Evocations
  1045 | D        | Killed a death yak
  1046 | D        | Reached skill level 1 in Stealth
  1046 | D        | Reached XP level 11. HP: 73/101 MP: 10/20
  1047 | D        | Killed a death yak
  1052 | D        | Killed a death yak
  1053 | D        | Reached skill level 19 in Unarmed Combat
  1184 | D        | Noticed Harold
  1193 | D        | Killed Harold
  1416 | D        | Noticed an orc knight
  1419 | D        | Noticed an orc knight
  1432 | D        | Killed an orc knight
  1440 | D        | Killed an orc knight
  1441 | D        | Reached skill level 20 in Unarmed Combat
  1512 | D        | Found Alueptodd's Assorted Antiques.
  1512 | D        | Noticed an orc sorcerer
  1512 | D        | Noticed an orc high priest
  1512 | D        | Noticed an orc sorcerer
  1512 | D        | Noticed an orc sorcerer
  1513 | D        | Noticed an orc high priest
  1514 | D        | Killed an orc sorcerer
  1522 | D        | Found Roazejo's Jewellery Shoppe.
  1527 | D        | Killed an orc high priest
  1529 | D        | Killed an orc sorcerer
  1530 | D        | Reached skill level 5 in Fighting
  1531 | D        | Killed an orc sorcerer
  1537 | D        | Killed an orc high priest
  1689 | D        | Found Bytaull's Distillery.
  1693 | D        | Found Jeghozul's Jewellery Shoppe.
  1700 | D        | Noticed an orc knight
  1713 | D        | Killed an orc knight
  1714 | D        | Reached skill level 21 in Unarmed Combat
  1732 | D        | Bought a murky ruby potion for 13 gold pieces
  1732 | D        | Bought a potion of curing for 45 gold pieces
  1732 | D        | Bought a scroll of identify for 30 gold pieces
  1732 | D        | Bought a fluorescent wand for 60 gold pieces
  1732 | D        | Bought a scroll labelled MIB SUMUKKIRENG for 15 gold pieces
  1732 | D        | Bought a scroll of identify for 30 gold pieces
  1732 | D        | Bought a scroll of identify for 30 gold pieces
  1736 | D        | Bought a potion of curing for 30 gold pieces
  1736 | D        | Bought a potion of mutation for 80 gold pieces
  1736 | D        | Bought a potion of curing for 30 gold pieces
  1736 | D        | Bought a potion of attraction for 30 gold pieces
  1736 | D        | Bought a potion of cancellation for 80 gold pieces
  1809 | D        | Noticed Erica
  1823 | D        | Killed Erica
  1824 | D        | Reached XP level 12. HP: 82/111 MP: 20/23
  2102 | D        | Bought a book of Iron for 648 gold pieces
  2102 | D        | Bought a manual of Fighting for 1440 gold pieces
  2108 | D        | Learned a level 5 spell: Blade Hands
  2113 | D        | Bought Ekom Midgh's Collected Works on the Dusty Entourage
                  | for 700 gold pieces
  2119 | D        | Bought a manual of Earth Magic for 880 gold pieces
  2126 | D        | Learned a level 6 spell: Statue Form
  2253 | D        | Noticed a rakshasa
  2253 | D        | Noticed a boulder beetle
  2269 | D        | Noticed a vampire mage
  2272 | D        | Noticed a fire dragon
  2276 | D        | Noticed a cyan very ugly thing
  2282 | D        | Noticed a deep troll earth mage
  2287 | D        | Noticed a stone giant
  2289 | D        | Killed a vampire mage
  2292 | D        | Killed a cyan very ugly thing
  2293 | D        | Reached skill level 22 in Unarmed Combat
  2294 | D        | Killed a fire dragon
  2295 | D        | Reached skill level 10 in Transmutations
  2303 | D        | Killed a deep troll earth mage
  2311 | D        | Killed a stone giant
  2312 | D        | Reached skill level 5 in Ice Magic
  2321 | D        | Killed a boulder beetle
  2418 | D        | Killed a rakshasa
  2419 | D        | Reached skill level 23 in Unarmed Combat
  2646 | D        | Noticed a merfolk javelineer
  2647 | D        | Noticed a merfolk javelineer
  2654 | D        | Noticed a satyr
  2662 | D        | Killed a merfolk javelineer
  2875 | D        | Killed a merfolk javelineer
  2877 | D        | Killed a satyr
  2878 | D        | Reached XP level 13. HP: 52/122 MP: 18/25
  2945 | D        | Noticed a fenstrider witch
  2949 | D        | Killed a fenstrider witch
  2950 | D        | Reached skill level 10 in Dodging
  2951 | D        | Reached skill level 24 in Unarmed Combat
  3098 | D        | Noticed a fenstrider witch
  3119 | D        | Killed a fenstrider witch
  3474 | D        | Noticed a spark wasp
  3474 | D        | Noticed a spark wasp
  3477 | D        | Killed a spark wasp
  3478 | D        | Reached skill level 1 in Earth Magic
  3487 | D        | Killed a spark wasp
  3547 | D        | Bought a potion of attraction for 75 gold pieces
  3547 | D        | Bought a runed robe for 92 gold pieces
  3550 | D        | Noticed a nagaraja
  3557 | D        | Reached skill level 25 in Unarmed Combat
  3665 | D        | Reached skill level 5 in Stealth
  3899 | D        | Reached skill level 10 in Spellcasting
  3918 | D        | HP: 6/127 [constriction (2)]
  3919 | D        | Asphyxiated

Illustrated notes

Levels and vault maps discovered:
D:        linesprint [early_d, line_temple, items_1, d_10, items_2, lair_1,
          lair_end, items_3, orc_1, orc_end, items_4, d_15, swamp_1, shoals_1,
          snake_1, spider_1, d_20, vaults_1, items_5, swamp_end, shoals_end,
          snake_end, spider_end, vaults_end, d_27, items_6, zot_1, zot_end,
          crypt_end, forest_end, elf_end, slime_end, tomb_end, abyss_end,
          pan_hell_end]

Skill      XL: |  1  2  3  4  5  6  7  8  9 10 11 12 13 |
---------------+----------------------------------------+-----
Unarmed Combat | 4 5 7 10 13 14 16 18 21 23 25 | 25.1
Dodging        | 2 3 4 5 6 7 8 9 10 | 10.6
Spellcasting   | 2 3 4 5 6 7 8 9 10 | 10.0
Transmutations | 2 4 5 6 7 8 9 10 11 | 11.6
Fighting       | 1 2 3 4 5 6 7 |  7.7
Ice Magic      | 1 2 3 4 5 |  5.3
Evocations     | 1 3 |  3.6
Stealth        | 1 2 3 5 |  5.0
Earth Magic    | 1 |  1.7

Action                   |  1- 3 |  4- 6 |  7- 9 | 10-12 | 13-15 || total
-------------------------+-------+-------+-------+-------+-------++-------
Melee: Unarmed           |    19 |    10 |    42 |   247 |    75 ||   393
       Headbutt          |     1 |     2 |     1 |       |       ||     4
       Kick              |     3 |     2 |       |       |       ||     5
       Punch             |       |       |     1 |     7 |     7 ||    15
 Cast: Beastly Appendage |     3 |     1 |       |       |       ||     4
       Wereblood         |       |     1 |     2 |     9 |     6 ||    18
       Ice Form          |       |       |     2 |    10 |     3 ||    15
       Blade Hands       |       |       |       |     3 |     5 ||     8
       Statue Form       |       |       |       |       |     1 ||     1
Invok: Call Merchant     |       |       |       |     3 |     1 ||     4
       Potion Petition   |       |       |       |     1 |     1 ||     2
Evoke: Wand              |       |       |     1 |    11 |       ||    12
  Use: Potion            |     1 |     1 |     1 |     4 |     1 ||     8
       Scroll            |       |       |       |     4 |     1 ||     5
 Stab: Distracted        |       |       |       |     4 |     2 ||     6
Armor: Robe              |     3 |     2 |     1 |     5 |     3 ||    14
       Skin              |       |       |     8 |    21 |    17 ||    46
Dodge: Dodged            |     3 |     3 |    17 |    53 |    43 ||   119

Table legend: (Time is in decaauts)
 A = Elapsed time spent in this place.
 B = Non-inter-level travel time spent in this place.
 C = Inter-level travel time spent in this place.
 D = Time resting spent in this place.
 E = Time spent auto-exploring this place.
 F = Levels seen in this place.
 G = Mean time per level.
                   A        B        C        D        E       F      G
               +--------+--------+--------+--------+--------+-----+--------+
         Total |   3777 |   3530 |    247 |   1799 |    453 |   1 | 3777.0 |
       Dungeon |   3777 |   3530 |    247 |   1799 |    453 |   1 | 3777.0 |
               +--------+--------+--------+--------+--------+-----+--------+

Top non-repeatable levels by time:
       D: 3777 daAuts
